Map: Scythe of Amon

Players

BunnyLove

  • Race: Terran Terran

JoshuaKong

  • Race: Terran Terran
  • Spawn Location: 5:00

VOD

Have the link to the VOD?

Description

Time

  • Played on: March 23, 2018, 8:25 a.m.
  • Length: 22:38
Show
View Real Time Build Order
Export as new Build Order

BunnyLove Terran 

Build Orders:  

Get SALT Encoding   

  12  0:05  Starport Tech Lab  
  12  0:08  SCV  
  13  0:25  SCV  
  13  0:26  Supply Depot  
  15  0:42  SCV  
  16  1:01  SCV  
  16  1:07  Assault Galleon  
  16  1:18  SCV  
  17  1:35  SCV  
  17  1:38  Assault Galleon  
  19  1:52  SCV  
  20  2:11  SCV  
  20  2:12  Assault Galleon  
  20  2:25  Refinery  
  20  2:28  SCV  
  21  2:45  SCV  
  23  3:02  SCV  
  23  3:13  Command Center  
  23  3:19  SCV  
  24  3:38  Refinery, SCV  
  25  3:41  Engineering Bay  
  25  3:55  SCV  
  26  4:07  Supply Depot  
  27  4:12  SCV  
  27  4:29  SCV  
  28  4:41  Reaper x3  
  28  4:47  Jetpack Overdrive  
  32  4:51  SCV  
  32  4:54  Reaper x3  
  35  5:04  Reaper  
  35  5:08  Supply Depot, SCV  
  37  5:12  Reaper x2  
  37  5:14  Reaper  
  40  5:23  Reaper x2  
  40  5:25  SCV  
  41  5:50  LE9 Cluster Charges  
  41  5:58  Reaper  
  41  5:59  Reaper x2  
  44  6:03  Command Center  
  44  6:09  Reaper  
  47  6:10  SCV  
  47  6:11  SCV  
  47  6:17  Theia Raven  
  47  6:19  Reaper x3  
  52  6:29  Reaper x3  
  57  6:30  SCV x2  
  57  6:39  Reaper  
  56  6:56  Reaper x3  
  59  7:06  Reaper x3  
  62  7:16  Reaper x3  
  64  7:26  Reaper x3  
  65  7:35  Reaper  
  65  7:36  Reaper x2  
  69  7:41  SCV  
  69  7:45  Reaper, SCV  
  69  7:46  Reaper x2  
  72  7:55  Reaper  
  72  7:56  Reaper x2  
  75  8:05  Reaper  
  74  8:20  SCV x2  
  73  8:37  SCV x2  
  75  8:43  Armory  
  75  8:48  Reaper x2, Supply Depot  
  78  8:54  SCV  
  80  9:23  SCV x2  
  80  9:25  Reaper x3  
  83  9:36  Theia Raven  
  83  9:38  Reaper x3  
  89  9:40  SCV x2  
  89  9:48  Reaper x2  
  89  9:57  Refinery  
  89  9:58  Refinery, SCV x2  
  91  10:02  Assault Galleon  
  91  10:05  Reaper x2  
  91  10:06  Assault Galleon  
  93  10:11  Fusion Core  
  93  10:13  Reaper, Supply Depot  
  94  10:30  Reaper  
  94  10:33  Reaper  
  96  10:50  Supply Depot  
  96  10:51  SCV x2  
  96  10:52  Reaper x2  
  96  10:53  Reaper  
  96  10:57  Horner Weapons Level 1  
  99  11:02  Reaper x2  
  99  11:03  Reaper  
  99  11:08  SCV  
  103  11:16  Supply Depot  
  103  11:19  Reaper x2  
  94  11:41  Reaper x5  
  97  11:50  Reaper  
  97  11:51  Reaper x2  
  97  11:58  Reaper x2  
  97  12:00  Reaper  
  97  12:01  Reaper x2  
  97  12:08  Reaper x2  
  100  12:10  Reaper  
  100  12:14  SCV  
  100  12:15  SCV  
  101  12:20  Reaper x2  
  101  12:25  Reaper x3  
  106  12:37  SCV x2  
  123  12:48  Drone Hangar x2  
  125  12:53  Drone Hangar x3  
  125  12:54  SCV x2  
  125  12:57  Theia Raven  
  129  13:11  SCV x2  
  125  13:30  Reaper x2  
  125  13:35  Reaper x3  
  128  13:40  Reaper x2  
  128  13:45  Reaper x3  
  133  13:50  Reaper x2  
  133  13:54  Supply Depot x2  
  133  13:55  Reaper x3  
  138  14:00  Reaper x2  
  138  14:05  Reaper  
  138  14:13  Reaper  
  138  14:14  Reaper x2  
  138  14:15  Reaper x2  
  141  14:23  Reaper  
  141  14:24  Reaper x2  
  141  14:25  Reaper x2  
  143  14:33  Reaper  
  143  14:34  Reaper x2  
  143  14:35  Reaper x2  
  148  14:43  Reaper x2  
  148  14:44  Reaper x2  
  148  14:46  Reaper  
  153  14:53  Reaper, Horner Weapons Level 2  
  148  15:03  Reaper x2  
  148  15:06  Reaper x3  
  151  15:13  Reaper x2  
  151  15:19  SCV x2  
  151  15:27  Reaper x3  
  152  15:42  Supply Depot  
  152  15:44  Overcharged Reactor, Supply Depot  
  152  15:47  Multi-Threaded Sensors  
  148  16:10  Reaper x2  
  142  16:25  Reaper x2  
  142  16:26  Reaper x3  
  143  16:35  Reaper x2  
  143  16:36  Reaper  
  143  16:38  Reaper x2  
  148  16:46  Reaper  
  148  16:47  Reaper  
  148  16:49  Reaper  
  150  16:52  Sovereign Battlecruiser  
  150  16:56  Reaper x2  
  150  16:57  Reaper x2  
  150  16:59  Reaper  
  165  17:05  Sovereign Battlecruiser  
  165  17:07  Reaper  
  172  17:13  Reaper  
  172  17:14  Reaper x3  
  172  17:17  Reaper  
  175  17:23  Reaper  
  175  17:24  Reaper x3  
  170  18:22  Reaper x3  
  170  18:25  Reaper x2  
  172  18:32  Reaper x3  
  172  18:35  Reaper x2  
  177  18:49  Horner Weapons Level 3  
  177  18:58  Sovereign Battlecruiser  
  187  19:05  Reaper x3  
  187  19:09  Reaper x2  
  179  19:15  Reaper x3  
  179  19:19  Reaper x2  
  182  19:25  Reaper x3  
  182  19:29  Reaper x2  
  186  19:35  Reaper x2  
  188  19:41  Reaper x2  
  188  19:42  Reaper  
  188  19:45  Reaper x2  
  189  19:51  Reaper x2  
  189  19:52  Reaper  
  189  19:54  Reaper  
  184  20:00  Reaper  
  184  20:09  Reaper x2  
  187  20:20  Reaper  
  175  20:41  Reaper x3  
  175  20:42  Reaper  
  175  20:47  Sovereign Battlecruiser  
  175  20:49  Reaper  
  187  20:51  Reaper  
  187  20:53  Reaper  
  187  20:54  Reaper  
  187  20:58  Reaper  
  187  20:59  Reaper  
  189  21:00  Reaper  
  189  21:03  Reaper  
  189  21:04  Reaper  
  189  21:08  Reaper  
  189  21:09  Reaper  
  190  21:10  Reaper  
  190  21:13  Reaper  
  190  21:14  Reaper  
  190  21:18  Reaper  
  190  21:19  Reaper  
  192  21:20  Reaper  
  192  21:23  Reaper  
  192  21:24  Reaper  
  192  21:28  Reaper x2  
  197  21:30  Reaper  
  197  21:33  Reaper x2  
  200  21:43  Reaper x3  
  200  21:45  Reaper x2  
  193  21:53  Reaper x2  
  193  21:56  Reaper  
  193  21:58  Reaper  
  183  22:02  Reaper  
  183  22:03  Reaper x2  
  176  22:11  Reaper  
  176  22:12  Reaper x2  
  176  22:13  Reaper x2  
Show
View Real Time Build Order
Export as new Build Order

JoshuaKong Terran 

Build Orders:  

Get SALT Encoding   

Tags
 
Commander
HornerRaynor
Matchup
Co-op
Replay Pack
Co-op Speedrun
Add a new tag
Caveats
  • Supply blocks, unpowered buildings, or Contaminate may cause inaccurate times.
  • Supply counts are checked every 10 seconds.